 Dungeon Crawl Stone Soup version 0.22-a0-247-gbddf880757 (webtiles) character file.

8881 Manul the Covert (level 11, 0/50 HPs)
             Began as a Vine Stalker Assassin on Feb 23, 2018.
             Was an Initiate of Gozag.
             Slain by a four-headed hydra (8 damage)
             ... on level 11 of the Dungeon on Feb 25, 2018.
             The game lasted 00:11:54 (8075 turns).

Manul the Covert (Vine Stalker Assassin)            Turns: 8075, Time: 00:11:55

Health: 0/50       AC:  9    Str: 17      XL:     11   Next: 37%
Magic:  0/22       EV: 13    Int: 11      God:    Gozag
Gold:   884        SH:  0    Dex: 17 (18) Spells: 10/10 levels left

rFire    . . .     SeeInvis .   b - +0 blowgun
rCold    . . .     Gourm    .   (no shield)
rNeg     + . .     Faith    .   k - +1 ring mail {rPois}
rPois    +         Spirit   +   (no helmet)
rElec    .         Reflect  .   d - +1 cloak
rCorr    .         Harm     .   (no gloves)
MR       +....                  (no boots)
Stlth    +++++.....             (no amulet)
HPRegen  0.56/turn              n - ring of magical power
MPRegen  0.18/turn              F - ring of positive energy

@: about to teleport, gold aura
A: fangs 3, frail 1, regeneration 1, strong 1, magic shield, antimagic bite, no
potion heal 3, rot immunity
a: Potion Petition, Call Merchant, Bribe Branch, Renounce Religion


You were on level 11 of the Dungeon.
You worshipped Gozag.
Gozag was pleased with you.
You were not hungry.

You visited 2 branches of the dungeon, and saw 12 of its levels.

You collected 1615 gold pieces.
You paid 731 gold pieces to Gozag.

Inventory:

Hand Weapons
 a - a +2 dagger
 b - a +0 blowgun (weapon)
 l - a +2 dagger of venom
 o - a +0 scythe
 p - a +0 rapier
Missiles
 e - 32 poisoned needles
 f - a curare-tipped needle (quivered)
Armour
 d - a +1 cloak (worn)
 k - a +1 ring mail of poison resistance (worn)
Jewellery
 n - a ring of magical power (left hand)
 F - a ring of positive energy (right hand)
Wands
 i - a wand of paralysis (11)
 z - a wand of acid (6)
 B - a wand of disintegration (20)
 C - a wand of scattershot (2)
 J - a wand of polymorph (14)
 K - a wand of flame (30)
Scrolls
 j - a scroll of brand weapon {unknown}
 m - a scroll of enchant armour
 v - a scroll of vulnerability {unknown}
 w - 8 scrolls of remove curse
 x - 3 scrolls of identify
 y - 5 scrolls of amnesia
 G - a scroll of enchant weapon
Potions
 c - 2 potions of might {unknown}
 h - 2 potions of flight {unknown}
 q - 6 potions of resistance
 r - a potion of haste
 s - 2 potions of brilliance {unknown}
 t - 2 potions of curing
 u - a potion of lignification {unknown}
 A - a potion of magic
 D - a potion of invisibility {unknown}
 I - a potion of cancellation {unknown}
Comestibles
 g - 14 rations


   Skills:
 + Level 6.0 Fighting
 + Level 8.0 Short Blades
 + Level 2.0 Throwing
 + Level 6.8 Armour
 + Level 4.6 Dodging
 + Level 12.6 Stealth
 + Level 1.8 Evocations


You had 10 spell levels left.
You didn't know any spells.

Dungeon Overview and Level Annotations

Branches:
Dungeon (11/15)            Temple (1/1) D:4            Lair (0/6) D:10
    Orc (0/2) D:10

Altars:
Ashenzari
Cheibriados
Dithmenos
Elyvilon
Fedhas
Gozag
Hepliaklqana
Kikubaaqudgha
Makhleb
Nemelex Xobeh
Okawaru
Qazlal
Ru
Sif Muna
Trog
Uskayaw
Vehumet
Wu Jian
Xom
Yredelemnul
Zin
The Shining One

Shops:
D:7 *   D:9 [


Innate Abilities, Weirdness & Mutations

You have razor-sharp teeth.
Your natural rate of healing is unusually fast.
When hurt, damage is shared between your health and your magic reserves.
Your bite disrupts and absorbs the magic of your enemies.
Potions cannot restore your health.
You are immune to rotting.
You are frail. (-10% HP)
Your muscles are strong. (Str +2)


Message History

You shoot a curare-tipped needle.
The curare-tipped needle hits the four-headed hydra.
The four-headed hydra is lightly wounded.
The four-headed hydra bites you!
The four-headed hydra barely misses you.
The four-headed hydra bites you.
* * * LOW HITPOINT WARNING * * *
The four-headed hydra bites you but does no damage.
Okay, then.
Welcome back, Manul the Vine Stalker Assassin.
Gozag says: Greed is good.
Press ? for a list of commands and other information.
Okay, then.
As you read the scroll labeled IRURHA MORIYVI, it crumbles to dust.
You feel strangely unstable.
It was a scroll of teleportation.
The four-headed hydra bites you!
* * * LOW HITPOINT WARNING * * *
The four-headed hydra bites you!
You die...
Your body crumbles into a pile of gold.

.........# #.#..#
#.###.....###.#..#
#................#
#####...#####.#..
#...# #.##. #...#
#. . #.#..#
#.###.#####.# ..#
##D@....# ###
#.####### #.. #..=
.....$ .%#..#
...#.( ## #..


You could see a four-headed hydra.

Vanquished Creatures
  2 two-headed ogres
  A death yak (D:10)
  Pikel (D:8)
  Joseph (D:7)
  A komodo dragon (D:11)
  A troll (D:10)
  A hornet (D:8)
  4 hippogriffs
  A spriggan (D:7)
  Sigmund (D:2)
  4 vampire mosquitoes (D:11)
  Edmund (D:4)
  2 sky beasts
  2 slaves (D:8)
  2 orc warriors (D:9)
  An eye of draining (D:9)
  A phantom (D:6)
  2 ogres
  A necrophage (D:7)
  2 crocodiles (D:10)
  7 centaurs
  6 bullfrogs
  A water moccasin skeleton (D:10)
  3 scorpions
  3 killer bees (D:8)
  3 wights (D:7)
  2 howler monkeys (D:4)
  6 crimson imps
  A quasit (D:11)
  3 hounds (D:5)
  6 orc priests
  4 jellies
  9 orc wizards
  Crazy Yiuf (D:3)
  5 bullfrog skeletons
  2 iguanas
  6 worker ants
  A killer bee zombie (D:10)
  3 hound skeletons
  A worker ant zombie (D:5)
  4 gnolls (D:9)
  7 adders
  2 shadow imps
  An ooze (D:1)
  An adder zombie (D:5)
  3 worms
  2 dart slugs
  2 leopard geckos
  27 orcs
  4 ball pythons
  3 bats (D:3)
  5 giant cockroaches
  7 goblins
  6 hobgoblins
  6 kobolds
  5 quokkas
  2 frilled lizards (D:1)
  A leopard gecko skeleton (D:4)
  A quokka zombie (D:6)
  3 rats
197 creatures vanquished.

Vanquished Creatures (others)
  A quokka (D:8)
1 creature vanquished.

Grand Total: 198 creatures vanquished

Notes
Turn   | Place    | Note
-------+----------+-------------------------------------------
     0 | D:1      | Manul the Vine Stalker Assassin began the quest for the Orb.
     0 | D:1      | Reached XP level 1. HP: 11/11 MP: 2/2
    19 | D:1      | Reached skill level 5 in Stealth
   140 | D:1      | Reached XP level 2. HP: 15/15 MP: 3/3
   733 | D:2      | Reached XP level 3. HP: 17/18 MP: 2/4
   736 | D:2      | Noticed Sigmund
   745 | D:2      | Killed Sigmund
   745 | D:2      | Reached skill level 6 in Stealth
   745 | D:2      | Gained mutation: Your natural rate of healing is unusually fast. [Vine Stalker growth]
   745 | D:2      | Reached XP level 4. HP: 14/23 MP: 2/5
   745 | D:2      | Reached XP level 5. HP: 16/27 MP: 2/6
   761 | D:2      | Reached skill level 7 in Stealth
  1174 | D:2      | Reached XP level 6. HP: 32/32 MP: 7/7
  1321 | D:3      | Reached skill level 1 in Dodging
  1330 | D:3      | Reached skill level 1 in Armour
  2036 | D:3      | Found a runed door.
  2040 | D:3      | Noticed Crazy Yiuf
  2051 | D:3      | Killed Crazy Yiuf
  2205 | D:4      | Reached XP level 7. HP: 34/35 MP: 8/8
  2362 | D:4      | Found a burning altar of Makhleb.
  2363 | D:4      | Found a sparkling altar of Nemelex Xobeh.
  2363 | D:4      | Found a glowing golden altar of the Shining One.
  2364 | D:4      | Found an ornate altar of the Wu Jian Council.
  2364 | D:4      | Found a basalt altar of Yredelemnul.
  2364 | D:4      | Found a glowing silver altar of Zin.
  2364 | D:4      | Found a shimmering altar of Xom.
  2436 | D:4      | Noticed Edmund
  2451 | D:4      | Killed Edmund
  2558 | D:4      | Found a staircase to the Ecumenical Temple.
  2581 | Temple   | Entered the Ecumenical Temple
  2640 | Temple   | Became a worshipper of Gozag Ym Sagoz the Greedy
  2857 | D:4      | Found a blossoming altar of Fedhas.
  2858 | D:4      | Found a stormy altar of Qazlal.
  3011 | D:5      | Entered Level 5 of the Dungeon
  3224 | D:5      | Reached skill level 8 in Stealth
  3286 | D:5      | Gained mutation: You have razor-sharp teeth. [Vine Stalker growth]
  3286 | D:5      | Reached XP level 8. HP: 34/40 MP: 9/9
  3876 | D:6      | Gained mutation: You evolve. [potion of mutation]
  3876 | D:6      | Gained mutation: You are agile. (Dex +2) [potion of mutation]
  4058 | D:6      | Reached skill level 9 in Stealth
  4082 | D:6      | Reached skill level 5 in Short Blades
  4150 | D:6      | Reached XP level 9. HP: 45/45 MP: 10/10
  4216 | D:6      | Gained mutation: You are robust. (+10% HP) [evolution]
  4546 | D:7      | Noticed Joseph
  4560 | D:7      | Killed Joseph
  4653 | D:7      | Reached skill level 10 in Stealth
  4728 | D:7      | Found Hoegek's General Store.
  4870 | D:7      | Reached skill level 5 in Armour
  5365 | D:8      | Reached skill level 1 in Evocations
  5721 | D:8      | Noticed a hornet
  5730 | D:8      | Killed a hornet
  5730 | D:8      | Reached XP level 10. HP: 56/56 MP: 11/11
  5732 | D:8      | Noticed Pikel
  5766 | D:8      | Killed Pikel
  5766 | D:8      | Reached skill level 11 in Stealth
  5902 | D:8      | Noticed a two-headed ogre
  5916 | D:8      | Killed a two-headed ogre
  6235 | D:8      | Reached skill level 5 in Fighting
  6486 | D:9      | Lost mutation: You are robust. (+10% HP) [potion of mutation]
  6486 | D:9      | Lost mutation: You are agile. (Dex +2) [potion of mutation]
  6486 | D:9      | Lost mutation: You evolve. [potion of mutation]
  6486 | D:9      | Gained mutation: You are resistant to hostile enchantments. (MR+) [potion of mutation]
  6486 | D:9      | Gained mutation: Your mind is acute. (Int +2) [potion of mutation]
  6487 | D:9      | Lost mutation: You are resistant to hostile enchantments. (MR+) [potion of mutation]
  6487 | D:9      | Lost mutation: Your mind is acute. (Int +2) [potion of mutation]
  6487 | D:9      | Gained mutation: You are frail. (-10% HP) [potion of mutation]
  6487 | D:9      | Gained mutation: Your muscles are strong. (Str +2) [potion of mutation]
  7116 | D:10     | Entered Level 10 of the Dungeon
  7118 | D:10     | Noticed a two-headed ogre
  7123 | D:10     | Killed a two-headed ogre
  7123 | D:10     | Reached skill level 12 in Stealth
  7174 | D:10     | Reached XP level 11. HP: 35/50 MP: 13/13
  7248 | D:10     | Found a staircase to the Lair.
  7248 | D:10     | Noticed a death yak
  7267 | D:10     | Killed a death yak
  7695 | D:10     | Found a staircase to the Orcish Mines.
  8063 | D:11     | Noticed a four-headed hydra
  8075 | D:11     | Slain by a four-headed hydra

Vault maps used:
D:1:      minmay_arrival_stair_chambers
D:2:      uniq_sigmund
D:3:      minmay_diamond_boxcup, first_ration, minmay_quantized,
          uniq_crazy_yiuf_cottage
D:4:      grunt_temple_overflow_forces_of_nature, grunt_temple_overflow_open,
          temple_green, uniq_edmund
D:7:      serial_shops, shop, minivault_11, the_bakery, uniq_joseph
D:8:      mrwooster_statue_mirror, uniq_pikel
D:10:     david_lair_generic, orc_0_dummy
Temple:   dshaligram_water_room_temple

Skill      XL: |  1  2  3  4  5  6  7  8  9 10 11 |
---------------+----------------------------------+-----
Stealth        | 5 6 7 8 9 10 12 | 12.6
Short Blades   | 2 3 4 5 6 7 8 |  8.0
Fighting       | 2 3 4 5 6 |  6.0
Throwing       | 2 |  2.0
Dodging        | 1 2 3 4 |  4.6
Armour         | 1 2 4 5 6 |  6.8
Evocations     | 1 |  1.8

Action                   |  1- 3 |  4- 6 |  7- 9 | 10-12 || total
-------------------------+-------+-------+-------+-------++-------
Melee: Dagger            |    52 |   123 |   321 |   274 ||   770
       Bite              |    12 |    41 |   116 |   108 ||   277
 Fire: Blowgun           |       |       |       |     3 ||     3
Invok: Potion Petition   |       |       |       |     1 ||     1
       Call Merchant     |       |       |       |     1 ||     1
Evoke: Wand              |       |       |     5 |     6 ||    11
  Use: Scroll            |       |     5 |     3 |     7 ||    15
       Potion            |       |       |     1 |     3 ||     4
 Stab: Sleeping          |     5 |     5 |    18 |    12 ||    40
       Distracted        |       |       |     1 |     4 ||     5
  Eat: Chunk             |       |     4 |     2 |       ||     6
       Ration            |       |       |     3 |     2 ||     5
Armor: Ring mail         |    10 |    36 |    78 |    82 ||   206
       Robe              |     2 |       |       |       ||     2
Dodge: Dodged            |    22 |    53 |   144 |   177 ||   396

Table legend:
 A = Spawn XP
 B = Non-spawn XP
 C = Spawn XP percentage of total XP
 D = Spawn monster count
 E = Non-spawn monster count
 F = Spawn count percentage of total count
 G = Total turns spent on level
                    A         B        C        D         E        F      G
               +---------+---------+-------+---------+---------+-------+---------
         Total |       0 |   12688 |   0.0 |       0 |     195 |   0.0 |  8075
               +---------+---------+-------+---------+---------+-------+---------
           D:1 |       0 |      28 |   0.0 |       0 |      14 |   0.0 |   686
           D:2 |       0 |     291 |   0.0 |       0 |      14 |   0.0 |   612
           D:3 |       0 |     145 |   0.0 |       0 |      24 |   0.0 |   850
           D:4 |       0 |     445 |   0.0 |       0 |      15 |   0.0 |   787
           D:5 |       0 |     822 |   0.0 |       0 |      17 |   0.0 |   693
           D:6 |       0 |     845 |   0.0 |       0 |      24 |   0.0 |   842
           D:7 |       0 |    1577 |   0.0 |       0 |      20 |   0.0 |   828
           D:8 |       0 |    3127 |   0.0 |       0 |      22 |   0.0 |  1077
           D:9 |       0 |     815 |   0.0 |       0 |      21 |   0.0 |   665
          D:10 |       0 |    3308 |   0.0 |       0 |      15 |   0.0 |   701
          D:11 |       0 |    1285 |   0.0 |       0 |       9 |   0.0 |   258
               +---------+---------+-------+---------+---------+-------+---------
